 Dungeon Crawl Stone Soup version 0.28-a0-1396-gdcb3f3653b (webtiles) character file.

Game seed: 7081487669537318804

107 Cheeritup the Ruffian (level 4, -1/37 HPs)
             Began as a Ghoul Warper on Jan 5, 2022.
             Was an Initiate of Okawaru.
             Slain by an orc (2 damage)
             ... on level 3 of the Dungeon.
             The game lasted 00:12:39 (2451 turns).

Cheeritup the Ruffian (Ghoul Warper)                Turns: 2451, Time: 00:12:39

Health: -1/37      AC:  5    Str: 14    XL:     4   Next: 86%
Magic:  5/5        EV: 10    Int: 10    God:    Okawaru [......]
Gold:   6          SH:  0    Dex:  8    Spells: 6/6 levels left

rFire   . . .      SeeInvis .     - Unarmed
rCold   + . .      Faith    .   (no shield)
rNeg    + + +      Spirit   .   l - +0 ring mail
rPois   ∞          Reflect  .   (no helmet)
rElec   .          Harm     .   (no cloak)
rCorr   .          Rampage  .   (no gloves)
Will    .....                   (no boots)
Stlth   ..........              (no amulet)
HPRegen 0.00/turn               (no ring)
MPRegen 0.09/turn               (no ring)

@: confused, inhibited regen
A: claws 1, cold resistance 1, negative energy resistance 3, inhibited
regeneration, torment resistance 2
a: Renounce Religion


You were on level 3 of the Dungeon.
You worshipped Okawaru.
Okawaru was noncommittal.
You visited 1 branch of the dungeon, and saw 3 of its levels.

You collected 6 gold pieces.

Inventory:

Hand Weapons
 j - a +0 long sword
Missiles
 e - a boomerang (quivered)
Armour
 a - a +0 leather armour
 l - a +0 ring mail (worn)
Scrolls
 g - a scroll of immolation {unknown}
 h - a scroll of vulnerability {unknown}
 i - 2 scrolls of magic mapping {unknown}
 k - a scroll of fog {unknown}
Potions
 b - a potion of mutation {unknown}
 c - a potion of heal wounds {unknown}
 d - 3 potions of curing
 f - a potion of flight {unknown}


   Skills:
 * Level 2.4 Fighting
 - Level 1.0 Throwing
 * Level 1.1 Armour
 * Level 1.9 Dodging
 - Level 5.0 Unarmed Combat
 - Level 1.7 Spellcasting
 - Level 2.6 Translocations


You had 6 spell levels left.
You didn't know any spells.
Your spell library contained the following spells:

 Spells                   Type           Power      Damage    Failure   Level
 Blink                    Tloc           12%        N/A       32%         2
 Gell's Gravitas          Tloc           6%         N/A       54%         3
 Lesser Beckoning         Tloc           6%         N/A       54%         3
 Teleport Other           Tloc           6%         N/A       54%         3
 Manifold Assault         Tloc           6%         N/A       99%         5


Dungeon Overview and Level Annotations

Branches:
Dungeon (3/15)

Altars:
Okawaru

Annotations:
D:2 Sigmund


Innate Abilities, Weirdness & Mutations

You thrive by killing the living.
You are immune to poison.
You have sharp fingernails.
Your flesh is cold resistant. (rC+)
You are immune to negative energy. (rN+++)
You do not regenerate when monsters are visible.
You are immune to unholy pain and torment.


Message History

The orc wizard gestures at you while chanting.
You are more confused.
You bump into the rock wall.
You closely miss the orc wizard.
You bump into the rock wall.
The orc wizard casts a spell at you.
You are more confused.
The orc hits you with a +0 dagger.
You bump into the rock wall.
The orc wizard barely misses you. The orc hits you with a +0 dagger.
You bump into the rock wall.
The orc wizard mumbles some strange words.
The orc wizard flickers and vanishes!
Deactivating autopickup; reactivate with Ctrl-A.
The orc hits you but does no damage.
You scratch something. Something hits you but does no damage.
The orc barely misses you.
You scratch something. Something hits you but does no damage.
The orc barely misses you.
You bump into the rock wall.
Something hits you. The orc hits you but does no damage.
You miss something. Something hits you but does no damage.
The orc barely misses you.
You're too confused to move!
Something hits you.
An orc priest comes into view. It is wielding a +0 flail.
The orc barely misses you.
You closely miss something.
The orc priest shouts!
You hear an angry hiss.
Something hits you but does no damage.
You're too confused to move!
The orc hits you but does no damage. Something hits you but does no damage.
You closely miss something. The orc closely misses you.
Something hits you but does no damage.
You scratch something but do no damage.
The orc priest calls down the wrath of Beogh upon you.
Beogh smites you!
* * * LOW HITPOINT WARNING * * *
The orc closely misses you. Something hits you but does no damage.
You bump into the rock wall.
The orc hits you with a +0 dagger.
You die...

###
######.#
###...oo.#
#<#)####.#
#####.#o#
#.#
#....o{@#
#J#
#.###.###
#b# ...#
#'# #...#


oo. ###.# ..... ... ....... #.# #........ #. #......o.. ..........o You could
see an orc priest and an orc.

Vanquished Creatures
  An orc priest (D:2)
  A gnoll (D:1)
  An adder (D:2)
  A worm (D:2)
  5 orcs
  3 ball pythons
  6 bats
  8 endoplasms
  3 giant cockroaches (D:2)
  4 goblins (D:1)
  A hobgoblin (D:2)
  2 kobolds
  8 frilled lizards (D:1)
  4 rats
48 creatures vanquished.

Vanquished Creatures (others)
  9 plants (D:1)
9 creatures vanquished.

Grand Total: 57 creatures vanquished

Notes
Turn   | Place    | Note
-------+----------+-------------------------------------------
     0 | D:1      | Cheeritup the Ghoul Warper began the quest for the Orb.
     0 | D:1      | Reached XP level 1. HP: 17/17 MP: 2/2
   225 | D:1      | Reached skill level 1 in Throwing
   239 | D:1      | Reached XP level 2. HP: 24/24 MP: 3/3
   247 | D:1      | Reached skill level 3 in Unarmed Combat
   979 | D:2      | Found an iron altar of Okawaru.
   992 | D:2      | Became a worshipper of Warmaster Okawaru
  1054 | D:2      | Reached XP level 3. HP: 28/29 MP: 4/4
  1230 | D:2      | Reached skill level 4 in Unarmed Combat
  1230 | D:2      | Reached XP level 4. HP: 21/36 MP: 5/5
  1439 | D:2      | Noticed Sigmund
  1576 | D:1      | Reached skill level 5 in Unarmed Combat
  1985 | D:2      | Reached skill level 1 in Armour
  2450 | D:3      | HP: 1/37 [orc priest/divine providence (16)]
  2451 | D:3      | Slain by an orc

Illustrated notes

Levels and vault maps discovered:
D:1:      minmay_arrival_three_doors, layout_basic, minmay_lizard_king
D:2:      layout_basic, basic_altar, wad_floor_pattern_1,
          palyth_stone_intersect, hangedman_glass_teeth,
          hangedman_decor_growths, minmay_tetromino_l2, uniq_sigmund
D:3:      layout_basic, uniq_terence, uniq_natasha

Skill      XL: |  1  2  3  4 |
---------------+-------------+-----
Throwing       | 1 |  1.0
Unarmed Combat | 3 4 5 |  5.0
Armour         | 1 |  1.1
Fighting       | |  2.4
Dodging        | |  1.9
Spellcasting   | |  1.7
Translocations | |  2.6

Action                   |  1- 3 |  4- 6 || total
-------------------------+-------+-------++-------
Melee: Unarmed           |    82 |    65 ||   147
       Punch             |       |     1 ||     1
Throw: Boomerang         |     5 |       ||     5
  Use: Scroll            |     3 |     1 ||     4
Armor: Leather armour    |    21 |       ||    21
       Ring mail         |     3 |    26 ||    29
Dodge: Dodged            |    38 |    27 ||    65

Table legend: (Time is in decaauts)
 A = Elapsed time spent in this place.
 B = Non-inter-level travel time spent in this place.
 C = Inter-level travel time spent in this place.
 D = Time resting spent in this place.
 E = Time spent auto-exploring this place.
 F = Levels seen in this place.
 G = Mean time per level.
                   A        B        C        D        E       F      G
               +--------+--------+--------+--------+--------+-----+--------+
         Total |   2442 |   2405 |     37 |    528 |   1109 |   3 |  814.0 |
       Dungeon |   2442 |   2405 |     37 |    528 |   1109 |   3 |  814.0 |
               +--------+--------+--------+--------+--------+-----+--------+

Top non-repeatable levels by time:
     D:2: 1212 daAuts
     D:1: 1164 daAuts
     D:3: 65 daAuts
